 Dungeon Crawl Stone Soup version 0.32-a0-576-g706899e69d (webtiles) character file.

Game seed: 3069389202835941455

429 ranchalot the Ruffian (level 6, -12/50 HPs)
             Began as a Demigod Shapeshifter on Mar 2, 2024.
             Killed by nerve-wracking pain
             ... invoked by Grinder
              (13 damage)
             ... on level 4 of the Dungeon.
             The game lasted 00:11:08 (2580 turns).

ranchalot the Ruffian (Demigod Shapeshifter)        Turns: 2580, Time: 00:11:11

Health: -12/50     AC:  2    Str: 23    XL:     6   Next: 38%
Magic:  8/8        EV: 17    Int: 12    God:
Gold:   118        SH:  0    Dex: 13    Spells: 5/5 levels left

rFire   . . .        x - +4 quarterstaff (chaos)
rCold   . . .        (shield currently unavailable)
rNeg    . . .        a - +0 animal skin
rPois   .            (helmet currently unavailable)
rElec   .            (cloak currently unavailable)
rCorr   +            (gloves currently unavailable)
SInv    .            (boots currently unavailable)
Will    .....        (no amulet)
Stlth   +            g - +5 ring of evasion
HPRegen 0.28/turn    i - ring of resist corrosion
MPRegen 0.11/turn

%: no passive effects
@: beast-form
A: beast (slay +2), high MP 1, forlorn, divine attributes
a: Begin Untransformation


You were on level 4 of the Dungeon.
You were a hulking beast.
You visited 1 branch of the dungeon, and saw 5 of its levels.

You collected 118 gold pieces.

Inventory:

Hand Weapons
 j - a +4 spear
 x - a +4 quarterstaff of chaos (weapon)
Armour
 a - a +0 animal skin (worn)
 e - a +0 ring mail
 w - a +0 cloak
Jewellery
 g - a +5 ring of evasion (left hand)
 i - a ring of resist corrosion (right hand)
Talismans
 c - a beast talisman (active)
 d - a flux talisman
 o - a blade talisman
Wands
 s - a wand of flame (13)
Scrolls
 h - a scroll of enchant armour {unknown}
 k - 7 scrolls of identify {unknown}
 l - 2 scrolls of teleportation {unknown}
 n - a scroll of enchant weapon {unknown}
 q - a scroll of fear {unknown}
 t - a scroll of fog {unknown}
Potions
 b - a potion of lignification
 f - a potion of ambrosia {unknown}
 m - 2 potions of haste {unknown}
 p - a potion of berserk rage {unknown}
 r - a potion of magic {unknown}
 u - a potion of attraction {unknown}
 v - a potion of degeneration {unknown}


   Skills:
 + Level 2.8 Fighting
 - Level 1.7 Dodging
 * Level 4.8 Unarmed Combat
 * Level 4.5 Shapeshifting


You had 5 spell levels left.
You didn't know any spells.
Your spell library contained the following spells:

 Spells                   Type           Power      Damage    Failure   Level
 Ensorcelled Hibernation  Hex/Ice        0%         N/A       45%         2
 Passwall                 Erth           0%         N/A       69%         3
 Swiftness                Air            0%         N/A       69%         3


Dungeon Overview and Level Annotations

Branches:
Dungeon (5/15)
 Temple: D:4-7

Shops:
D:1 =

Annotations:
D:4 Grinder


Innate Abilities, Weirdness & Mutations

You are a hulking beast.
Your limbs bulge with bestial killing power. (Slay +2)
You have an increased reservoir of magic. (+10% MP)
You shall have no god before yourself.
Your divine heritage dramatically boosts your attributes as you level up.


Message History

The shadow imp misses you. The shadow imp barely misses you.
The shadow imp barely misses you.
A shadow imp is nearby!
A shadow imp is nearby!
A shadow imp is nearby!
A shadow imp is nearby!
A shadow imp is nearby!
A shadow imp is nearby!
The shadow imp hits you.
* * * LOW HITPOINT WARNING * * *
The shadow imp barely misses you. The shadow imp misses you.
The shadow imp barely misses you.
The shadow imp is no longer moving quickly.
The shadow imp no longer looks unusually strong.
The shadow imp is no longer in an wild frenzy.
The shadow imp hits you.
* * * LOW HITPOINT WARNING * * *
The shadow imp barely misses you.
You hit the shadow imp.
The shadow imp is severely wounded.
The shadow imp hits you but does no damage.
You sock the shadow imp!
You kill the shadow imp!
You sock Grinder!
Grinder convulses!
Grinder is heavily wounded.
Grinder completely misses you.
You hit Grinder. You burn Grinder.
Grinder is heavily wounded.
Grinder gestures at you. Pain shoots through your body!
* * * LOW HITPOINT WARNING * * *
You hit Grinder.
Grinder is caught in a web!
Grinder is severely wounded.
Grinder tears the web.
Grinder says, "There's only one good use for a tongue: cutting it out."
Grinder gestures at you. Pain shoots through your body!
You die...
Grinder sighs, "Dead already?
I want a refund."

#........#.##.#...........#
#........#.##......###.#.##
#....<...#.##.#.##...#...#
#........#....#......#.#######
#.####.##.#.........#
#....#..#.###.......# #
####.##.#.# #####...#
....#####.#....# #.###
............h5># #.#
..#.##########.# ### #.# #.#
####'## #.....# #.....#
#.....# #.....#


You could see Grinder.

Vanquished Creatures
  An ogre (D:4)
  A bullfrog (D:4)
  A scorpion (D:4)
  Crazy Yiuf (D:3)
  An iguana (D:4)
  7 adders
  A shadow imp (D:4)
  2 ribbon worms
  2 dart slugs
  6 orcs
  4 endoplasms
  7 giant cockroaches
  12 goblins
  7 hobgoblins
  4 jackals (D:1)
  3 quokkas
  7 ball pythons
  A bat (D:1)
  4 frilled lizards
  6 kobolds
  5 rats
83 creatures vanquished.

Notes
Turn   | Place    | Note
-------+----------+-------------------------------------------
     0 | D:1      | ranchalot the Demigod Shapeshifter began the quest for the
                  | Orb.
     0 | D:1      | Reached XP level 1. HP: 15/15 MP: 3/3
    11 | D:1      | Reached skill level 1 in Fighting
    29 | D:1      | Reached XP level 2. HP: 11/23 MP: 4/4
   282 | D:1      | Found Yre Najo's Jewellery Shop.
   360 | D:1      | You fall into a shaft and drop 1 floor!
   368 | D:2      | Reached XP level 3. HP: 28/28 MP: 5/5
   723 | D:2      | Reached XP level 4. HP: 36/36 MP: 6/6
  1434 | D:3      | Found a runed translucent door.
  1435 | D:3      | Noticed Crazy Yiuf
  1943 | D:3      | Killed Crazy Yiuf
  2096 | D:4      | Noticed a bullfrog
  2104 | D:4      | Killed a bullfrog
  2105 | D:4      | Reached XP level 5. HP: 12/41 MP: 7/7
  2250 | D:4      | Reached XP level 6. HP: 17/50 MP: 8/8
  2537 | D:4      | Noticed Grinder
  2551 | D:5      | Entered Level 5 of the Dungeon
  2579 | D:4      | HP: 1/50 [Grinder/nerve-wracking pain (12)]
  2580 | D:4      | Killed from afar by Grinder

Illustrated notes

Levels and vault maps discovered:
D:1:      grunt_arrival_lava_bath, layout_rooms, serial_shops,
          nicolae_shop_gaudy_bauble, serial_glass, glass_columns_b,
          glass_columns_c
D:2:      layout_basic
D:3:      layout_basic, grunt_temple_overflow_open, chequers_big_river,
          uniq_crazy_yiuf_cottage
D:4:      layout_basic, minmay_fire_ice_demons, uniq_grinder
D:5:      layout_loops_cross, pdpol_wu_jian_five_deadly_venoms, uniq_sigmund,
          uniq_blork_the_orc

Skill      XL: |  1  2  3  4 |
---------------+-------------+-----
Fighting       | 1 2 |  2.8
Unarmed Combat | 3 4 |  4.8
Shapeshifting  | 3 4 |  4.5
Dodging        | |  1.7

Action                     |  1- 3 |  4- 6 || total
---------------------------+-------+-------++-------
  Melee: Unarmed           |    81 |       ||    81
         Punch             |     2 |       ||     2
         Spear             |    38 |    46 ||    84
         Quarterstaff      |       |    40 ||    40
   Stab: Sleeping          |     1 |     1 ||     2
 Armour: Animal skin       |    32 |    42 ||    74
  Dodge: Dodged            |    79 |    61 ||   140

Table legend: (Time is in decaauts)
 A = Elapsed time spent in this place.
 B = Non-inter-level travel time spent in this place.
 C = Inter-level travel time spent in this place.
 D = Time resting spent in this place.
 E = Time spent auto-exploring this place.
 F = Levels seen in this place.
 G = Mean time per level.
                   A        B        C        D        E       F      G
               +--------+--------+--------+--------+--------+-----+--------+
         Total |   2608 |   2533 |     75 |    344 |   1708 |   5 |  521.6 |
       Dungeon |   2608 |   2533 |     75 |    344 |   1708 |   5 |  521.6 |
               +--------+--------+--------+--------+--------+-----+--------+

Top non-repeatable levels by time:
     D:3: 1023 daAuts
     D:2: 687 daAuts
     D:4: 526 daAuts
     D:1: 355 daAuts
     D:5: 15 daAuts
